 Dungeon Crawl Stone Soup version 0.29.0 (webtiles) character file.

Game seed: 895870919005550662

5352 Dingledooog the Fighter (level 10, -9/90 (93) HPs)
             Began as a White Draconian Berserker on Aug 24, 2022.
             Was a Priest of Trog.
             Succumbed to an orange demon's poison
             ... on level 9 of the Dungeon.
             The game lasted 01:51:52 (4655 turns).

Dingledooog the Fighter (White Draconian Berserker) Turns: 4655, Time: 01:51:53

HP:   -9/90 (93)    AC:  7    Str: 22      XL:     10   Next: 38%
MP:   10/10         EV: 13    Int:  7      God:    Trog [***...]
Gold: 181           SH:  9    Dex: 12 (13) Spells: 9/9 levels left

rFire   . . .      SeeInvis .   E - +8 flail (protect)
rCold   + . .      Faith    .   g - +2 kite shield
rNeg    + . .      Spirit   .   (body armour unavailable)
rPois   .          Reflect  .   (helmet restricted)
rElec   .          Harm     .   (no cloak)
rCorr   .          Rampage  .   (no gloves)
Will    ++...                   (no boots)
Stlth   +.........              k - amulet of regeneration
HPRegen 2.05/turn               v - ring of positive energy
MPRegen 0.12/turn               (no ring)

@: mighty, lethally poisoned (-9 -> -29), weakened, strong-willed, on berserk
cooldown, regenerating, slowed, lightly drained, very slow
A: breathe frost, AC +7, unfitting armour, cold resistance 1, cold-blooded
a: Breathe Frost, Renounce Religion, Berserk, Trog's Hand


You were on level 9 of the Dungeon.
You worshipped Trog.
Trog was most pleased with you.
You visited 2 branches of the dungeon, and saw 10 of its levels.
You also visited: Ossuary.

You collected 285 gold pieces.
You spent 104 gold pieces at shops.

Inventory:

Hand Weapons
 a - a +0 spear
 E - a +8 flail of protection (weapon)
Missiles
 c - 12 atropa-tipped darts
 j - 30 stones (quivered)
 p - 6 poisoned darts
Armour
 e - a +0 ring mail
 g - a +2 kite shield (worn)
 h - a +0 robe
 l - a +2 helmet
 r - the +1 leather armour of Zyazxuo {Stlth+}
   (You found it on level 3 of the Dungeon)

   Stlth:     It makes you more stealthy.
Jewellery
 d - an amulet of reflection
 k - an amulet of regeneration (around neck)
 v - a ring of positive energy (left hand)
 F - a ring of magical power
Wands
 q - a wand of polymorph (1)
 s - a wand of paralysis (3)
Scrolls
 i - a scroll of vulnerability {unknown}
 m - a scroll of fear {unknown}
 o - a scroll of teleportation
 t - a scroll of magic mapping {unknown}
 u - a scroll of fog
 w - a scroll of amnesia {unknown}
 y - a scroll of brand weapon
 z - a scroll of summoning {unknown}
 D - a scroll of silence {unknown}
Potions
 b - a potion of flight {unknown}
 f - 2 potions of might
 n - a potion of magic
 x - a potion of ambrosia {unknown}
 B - 2 potions of invisibility {unknown}
 C - a potion of curing {unknown}
 G - a potion of haste {unknown}


   Skills:
 + Level 10.2 Fighting
 + Level 7.6 Maces & Flails
 - Level 5.7 Polearms
 - Level 0.3 Throwing
 + Level 8.6 Dodging
 - Level 0.5 Shields


You had 9 spell levels left.
You didn't know any spells.
Your spell library was empty.

Dungeon Overview and Level Annotations

Branches:
Dungeon (9/15)             Temple (1/1) D:7         Ossuary (visited)
   Lair: D:8-11         Orc: D:9-12

Altars:
Cheibriados
Dithmenos
Elyvilon
Gozag
Hepliaklqana
Kikubaaqudgha
Makhleb
Okawaru
Qazlal
Ru
Sif Muna
Trog
Vehumet
Wu Jian
Xom
Yredelemnul
Zin
The Shining One

Shops:
D:5 ?


Innate Abilities, Weirdness & Mutations

You can breathe waves of freezing cold which knock back foes.
Your icy white scales are hard. (AC +7)
You cannot fit into any form of body armour.
Your flesh is cold resistant. (rC+)
You are cold-blooded and may be slowed by cold attacks.


Message History

Your weapon exudes an aura of protection.
The orange demon is lightly wounded.
You feel the effects of Trog's Hand fading.
The orange demon stings you but does no damage.
You block the orange demon's attack.
The kobold demonologist looks satisfied for a moment.
You block the soul eater's attack. The orange demon barely misses you.
The orange demon hits you.
* * * LOW HITPOINT WARNING * * *
You block the soul eater's attack.
You feel much better.
The white imp shouts, "Get thee gone, thou fawning spur-galled flim-flammer!"
The orange demon barely misses you.
The orange demon hits you but does no damage.
The soul eater hits you! You partially resist.
You feel drained.
You feel very mighty all of a sudden.
You have got your breath back.
The crimson imp disappears in a puff of smoke!
The orange demon stings you.
You are poisoned.
The orange demon poisons you! The orange demon hits you.
* * * LOW HITPOINT WARNING * * *
You feel your attacks grow feeble.
The soul eater hits you but does no damage.
You block the orange demon's attack. x2
The soul eater draws from the surrounding life force!
* * * LOW HITPOINT WARNING * * *
Your skin crawls.
You feel strong-willed.
You can no longer call in reinforcements.
You feel extremely sick. The orange demon stings you!
* * * LOW HITPOINT WARNING * * *
You are lethally poisoned!
The orange demon poisons you! The orange demon closely misses you.
The kobold demonologist casts a spell.
The soul eater draws from the surrounding life force!
* * * LOW HITPOINT WARNING * * *
You barely miss the orange demon.
You die...

.............##
...................#
..................##
...y.............##
................#_
..y............##
...............##
####.#####.......#
##4@...## #.......##
#K3#....###.........
#5y##....##.........
#.3.#.....#.........
....)##.............
.#...#.###.#)........
..#.###.....#.........
.. #. ....##.........
... #. .....#
#.........


You could see a soul eater (summoned), an orange demon (summoned), a kobold
demonologist, a neqoxec (summoned), a killer bee and a quasit (summoned).

Vanquished Creatures
  A deep elf pyromancer (D:9)
  A deep elf zephyrmancer (D:9)
  A wraith (Ossuary)
  10 yaks
  An acid dragon (D:9)
  A sky beast (D:8)
  An orc warrior (D:9)
  A centaur (D:9)
  A phantom (D:5)
  A kobold brigand (D:8)
  A bullfrog (D:9)
  A necrophage (D:6)
  Blork the orc (D:5)
  7 wights
  8 killer bees
  A howler monkey (D:5)
  2 hounds
  4 orc priests
  A jelly (D:4)
  3 iguanas
  6 orc wizards
  2 mummies
  10 adders
  A worm (D:5)
  4 dart slugs
  31 orcs
  4 ball pythons
  4 bats
  6 endoplasms
  A giant cockroach (D:1)
  4 goblins
  6 hobgoblins
  4 quokkas
  2 frilled lizards (D:1)
  6 gnoll skeletons (Ossuary)
  10 kobolds
  6 kobold skeletons (Ossuary)
  A kobold zombie (D:5)
  13 orc skeletons (Ossuary)
  An orc zombie (D:5)
  5 rats
175 creatures vanquished.

Vanquished Creatures (collateral kills)
  A rakshasa (D:9)
  A steam dragon (D:9)
  A boggart (D:9)
3 creatures vanquished.

Vanquished Creatures (others)
  2 plants (D:7)
2 creatures vanquished.

Grand Total: 180 creatures vanquished

Notes
Turn   | Place    | Note
-------+----------+-------------------------------------------
     0 | D:1      | Dingledooog the Draconian Berserker began the quest for the
                  | Orb.
     0 | D:1      | Reached XP level 1. HP: 19/19 MP: 1/1
    70 | D:1      | Found a faded altar of an unknown god.
   124 | D:1      | Reached XP level 2. HP: 21/26 MP: 2/2
   402 | D:2      | Reached ** piety under Trog
   428 | D:2      | Reached XP level 3. HP: 33/33 MP: 3/3
   819 | D:2      | Reached XP level 4. HP: 37/40 MP: 4/4
   975 | D:3      | Found an ornate altar of the Wu Jian Council.
   975 | D:3      | Found a stormy altar of Qazlal.
   976 | D:3      | Found a shimmering blue altar of Sif Muna.
  1085 | D:3      | Found a white marble altar of Elyvilon.
  1321 | D:3      | Identified the +1 leather armour of Zyazxuo {Stlth+}
  1400 | D:4      | Reached skill level 4 in Fighting
  1447 | D:4      | Found a snail-covered altar of Cheibriados.
  1561 | D:4      | Reached XP level 5. HP: 38/46 MP: 5/5
  2098 | D:5      | Entered Level 5 of the Dungeon
  2116 | D:5      | Noticed Blork the orc
  2124 | D:5      | Killed Blork the orc
  2125 | D:5      | Reached XP level 6. HP: 53/53 MP: 6/6
  2150 | D:5      | Found a sand-covered staircase.
  2160 | Ossuary  | Entered an ossuary
  2160 | Ossuary  | Noticed a wraith
  2160 | Ossuary  | Noticed a wraith
  2160 | Ossuary  | Noticed a wraith
  2297 | Ossuary  | Reached *** piety under Trog
  2364 | Ossuary  | Noticed a wraith
  2403 | Ossuary  | Killed a wraith
  2404 | Ossuary  | Reached skill level 5 in Fighting
  2404 | Ossuary  | Reached skill level 5 in Polearms
  2504 | D:5      | Your scales start taking on an icy white colour.
  2504 | D:5      | Reached XP level 7. HP: 54/61 MP: 7/7
  2504 | D:5      | Gained mutation: Your flesh is cold resistant. (rC+) [White
                  | Draconian growth]
  2754 | D:5      | Reached skill level 5 in Dodging
  2893 | D:5      | Found Nebb's Magic Scroll Shoppe.
  2903 | D:5      | Bought a scroll of brand weapon for 104 gold pieces
  3043 | D:6      | Noticed a yak
  3044 | D:6      | Noticed a yak
  3045 | D:6      | Noticed a yak
  3045 | D:6      | Noticed a yak
  3050 | D:6      | Reached skill level 6 in Fighting
  3050 | D:6      | Reached skill level 1 in Maces & Flails
  3059 | D:6      | Killed a yak
  3064 | D:6      | Killed a yak
  3065 | D:6      | Reached XP level 8. HP: 59/71 MP: 8/8
  3070 | D:6      | Reached skill level 7 in Fighting
  3431 | D:7      | Found a bloodstained altar of Trog.
  3480 | D:7      | Identified the +7 war axe of Gisit Osi {pain, rN++ Will+
                  | Stlth-}
  3516 | D:7      | Found a staircase to the Ecumenical Temple.
  3529 | D:7      | Reached **** piety under Trog
  3709 | D:7      | Reached XP level 9. HP: 40/80 MP: 9/9
  3730 | Temple   | Entered the Ecumenical Temple
  4030 | D:8      | Reached skill level 8 in Fighting
  4035 | D:8      | Found a radiant altar of Vehumet.
  4059 | D:8      | Reached skill level 5 in Maces & Flails
  4124 | D:8      | Found an opulent altar of Gozag.
  4364 | D:9      | Noticed a rakshasa
  4372 | D:9      | Killed a rakshasa
  4373 | D:9      | Reached skill level 9 in Fighting
  4474 | D:9      | Reached XP level 10. HP: 52/91 MP: 10/10
  4551 | D:9      | Found a shimmering altar of Xom.
  4596 | D:9      | Noticed a deep elf pyromancer
  4604 | D:9      | Killed a deep elf pyromancer
  4605 | D:9      | Reached skill level 10 in Fighting
  4620 | D:9      | Noticed a deep elf zephyrmancer
  4636 | D:9      | Killed a deep elf zephyrmancer
  4638 | D:9      | Noticed a sixfirhy
  4645 | D:9      | Noticed a soul eater
  4650 | D:9      | Noticed an orange demon
  4654 | D:9      | HP: 2/90 [soul eater[a kobold demonologist] (6)]
  4655 | D:9      | Succumbed to an orange demon's poison

Illustrated notes

Levels and vault maps discovered:
D:1:      lightli_arrival_chessboard, layout_loops_ring,
          hellmonk_ecumenical_altar_pennies_from_heaven
D:2:      layout_basic, minmay_unequal
D:3:      layout_basic, nicolae_overflow_quartered_altars, serial_bayou_pond_a
D:4:      layout_basic, mainiacjoe_overflow_24_doors,
          eat_drink_and_be_merry_uskayaw
D:5:      layout_loops_ring, serial_shops, shop, nicolae_ossuary_entry_giza,
          minmay_misc_feat_plants, uniq_blork_the_orc
D:6:      layout_loops_cross, lemuel_coloured_pillars_altar,
          lightli_sewer_entry_pipes, minivault_24, minmay_joined_circles,
          uniq_sigmund, uniq_duvessa
D:7:      layout_basic, nicolae_overflow_crystal_walls,
          mainiacjoe_overflow_alcove_4, minmay_temple_entry_gardened_gates
D:8:      layout_loops_ring, mainiacjoe_overflow_six_doors_small,
          fiery_altar_vehumet
D:9:      minmay_the_grid_net [minmay_the_grid_all_tris,
          minmay_the_grid_tri_star, minmay_the_grid_square_x,
          minmay_the_grid_mess, minmay_the_grid_large_cup,
          minmay_the_grid_prize_diamond_cup], layout_irregular_city,
          mainiacjoe_overflow_alcove_1, nicolae_overflow_hidden_temple
Temple:   hellmonk_temple_forest_ring

Skill      XL: |  1  2  3  4  5  6  7  8  9 10 |
---------------+-------------------------------+-----
Dodging        | 3 4 5 6 8 |  8.6
Polearms       | 4 5 |  5.7
Fighting       | 4 5 6 7 9 10 | 10.2
Maces & Flails | 2 4 6 7 |  7.6
Throwing       | |  0.3
Shields        | |  0.5

Action                   |  1- 3 |  4- 6 |  7- 9 | 10-12 || total
-------------------------+-------+-------+-------+-------++-------
Melee: Spear             |   123 |   242 |    55 |       ||   420
       Tailslap          |     7 |    36 |    33 |     4 ||    80
       Punch             |     1 |       |       |       ||     1
       Flail             |       |       |   190 |    30 ||   220
 Fire: Sling             |       |     2 |       |       ||     2
Throw: Stone             |    12 |     3 |     6 |       ||    21
Invok: Berserk           |     2 |     4 |     3 |     1 ||    10
       Trog's Hand       |       |     3 |     4 |     2 ||     9
       Brothers in Arms  |       |       |     1 |       ||     1
 Abil: Breathe Frost     |       |       |    16 |     4 ||    20
  Use: Scroll            |     2 |     2 |     4 |       ||     8
       Potion            |       |     1 |     2 |     3 ||     6
 Stab: Sleeping          |       |     1 |       |       ||     1
Armor: Skin              |    27 |    39 |   101 |    37 ||   204
Dodge: Dodged            |    36 |    64 |   130 |    55 ||   285
Block: Kite shield       |    52 |   124 |   183 |    34 ||   393
       Reflection        |     4 |     1 |     4 |       ||     9
